 Dungeon Crawl Stone Soup version 0.19-a0-480-g39fb624 (webtiles) character file.

187 Katalist the Digger (level 5, -4/28 HPs)
             Began as a Gargoyle Earth Elementalist on June 4, 2016.
             Killed by divine providence
             ... invoked by an orc priest
              (15 damage)
             ... on level 3 of the Dungeon.
             The game lasted 00:06:18 (2810 turns).

Katalist the Digger (Gargoyle Earth Elementalist)   Turns: 2810, Time: 00:06:19

Health: -4/28      AC:  8    Str: 16    XL:     5   Next: 66%
Magic:  11/11      EV: 11    Int: 17    God:
Gold:   177        SH:  0    Dex: 10    Spells: 2 memorised, 8 levels left

rFire  . . .     SeeInvis .     a - +5 club
rCold  . . .     Gourm    .     l - +0 leather armour
rNeg   + . .     Faith    .     (no shield)
rPois  ∞         Spirit   .     (no helmet)
rElec  +         Dismiss  .     (no cloak)
rCorr  .         Reflect  .     x - +0 pair of gloves
SustAt .         Harm     .     (no boots)
MR     .....                    (no amulet)
Stlth  ++........               (no ring)
                                f - +5 ring of strength

@: not resistant to hostile enchantments, unstealthy
A: negative energy resistance 1, electricity resistance, unbreathing,
petrification resistance, rot immunity, AC +4
a: no special abilities


You were on level 3 of the Dungeon.
You were not hungry.

You visited 1 branch of the dungeon, and saw 3 of its levels.

You collected 177 gold pieces.

Inventory:

Hand Weapons
 a - a +5 club (weapon)
Missiles
 b - 91 stones (quivered)
Armour
 c - a +0 robe
 l - a +0 leather armour (worn)
 x - a +0 pair of gloves (worn)
Jewellery
 f - a +5 ring of strength (left hand)
Scrolls
 d - a scroll of immolation {unknown}
 g - a scroll of fog {unknown}
 k - a scroll of remove curse {unknown}
 m - a scroll of blinking {unknown}
 o - a scroll of teleportation {unknown}
 r - a scroll of magic mapping {unknown}
 s - 2 scrolls of identify {unknown}
 y - a scroll of recharging {unknown}
Potions
 h - a potion of degeneration {unknown}
 i - a potion of agility {unknown}
 j - a potion of mutation {unknown}
 n - 2 potions of curing {unknown}
 p - a potion of ambrosia {unknown}
 q - 4 potions of cure mutation {unknown}
 t - a potion of magic {unknown}
 u - a potion of might {unknown}
 v - a potion of haste {unknown}
Books
 e - a book of Geomancy

   Spells                             Type                      Level
   a - Sandblast                      Earth                        1
   b - Passwall                       Transmutation/Earth          2
   c - Stone Arrow                    Conjuration/Earth            3
   d - Petrify                        Transmutation/Earth          4
   e - Lee's Rapid Deconstruction     Earth                        5
Comestibles
 w - 2 fruits


   Skills:
 - Level 1.5 Dodging
 - Level 2.1 Stealth
 * Level 4.1 Spellcasting
 + Level 2.5 Conjurations
   Level 0.7 Transmutations
 + Level 4.6 Earth Magic


You had 8 spell levels left.
You knew the following spells:

 Your Spells              Type           Power        Failure   Level  Hunger
a - Sandblast             Erth           ###...       2%          1    None
b - Stone Arrow           Conj/Erth      ###...       14%         3    ###....


Dungeon Overview and Level Annotations

Branches:
Dungeon (3/15)

Altars:
Okawaru


Innate Abilities, Weirdness & Mutations

You are resistant to torment.
Your stone body is resilient. (AC +4)
You are immune to poison.
You resist negative energy. (rN+)
You are resistant to electric shocks. (rElec)
You can survive without breathing.
You are immune to petrification.
You are immune to rotting.


Message History

The orc hits you but does no damage.
You hit the giant gecko.
You kill the giant gecko!
The orc closely misses you. The orc hits you but does no damage.
The orc priest calls down the wrath of Beogh upon you.
Beogh smites you!
* * * LOW HITPOINT WARNING * * *
The orc closely misses you.
You hear a shout!
You are too injured to fight recklessly!
The orc closely misses you.
There is an open door here.
There is an open door here.
You see here 10 arrows.
There is an open door here.
The orc priest miscasts a cantrip.
The orc priest calls down the wrath of Beogh upon you.
Beogh smites you!
Ouch! That really hurt!
You die...

#..#...####o#####.##
#.>#...#b..>........
#..#...#.######.#.##
##..#...#.# ##...#
#.......#.###..###
#.......#.b....## #
#.......#.......##.#
#.......'...........
##o#@.oo#...........
#.#.#.##.#.........#
#b#.. ##'#.........#
#b#####..#≈≈.≈≈#...#
#..(.bb..#g≈.≈g#...
#######..#≈≈.≈≈# #
#..#..8..#
####.8_8.# #..8..#


You could see an orc priest and an orc.

Vanquished Creatures
  A necrophage (D:2)
  Jessica (D:2)
  An adder (D:2)
  An ooze (D:2)
  A worm (D:2)
  3 giant geckos
  An orc (D:3)
  11 goblins
  8 hobgoblins
  4 jackals (D:1)
  5 bats
  10 kobolds
  6 rats
53 creatures vanquished.

Notes
Turn   | Place    | Note
--------------------------------------------------------------
     0 | D:1      | Katalist the Gargoyle Earth Elementalist began the quest for the Orb.
     0 | D:1      | Reached XP level 1. HP: 10/10 MP: 3/3
     1 | D:1      | Noticed an electric eel
   261 | D:1      | Reached XP level 2. HP: 8/15 MP: 2/5
  1316 | D:2      | Reached XP level 3. HP: 19/19 MP: 1/7
  1386 | D:2      | Learned a level 3 spell: Stone Arrow
  1918 | D:2      | Noticed Jessica
  1923 | D:2      | Killed Jessica
  1923 | D:2      | Reached skill level 1 in Conjurations
  1923 | D:2      | Reached XP level 4. HP: 18/24 MP: 9/9
  2617 | D:2      | Noticed a necrophage
  2630 | D:2      | Killed a necrophage
  2630 | D:2      | Reached XP level 5. HP: 21/28 MP: 9/11
  2729 | D:3      | Found an iron altar of Okawaru.
  2810 | D:3      | Killed from afar by an orc priest

Vault maps used:
D:1:      arrival_aquarium_a, corner_web_ring, minmay_misc_feat_rugged
D:2:      uniq_jessica
D:3:      kennysheep_okawaru_gauntlet, first_bread

Skill      XL: |  1  2  3  4 |
---------------+-------------+-----
Spellcasting   | 3 4 |  4.1
Conjurations   | 1 2 |  2.5
Earth Magic    | 4 |  4.6
Dodging        | |  1.5
Stealth        | |  2.1
Transmutations | |  0.7

Action                   |  1- 3 |  4- 6 || total
-------------------------+-------+-------++-------
Melee: Dagger            |   104 |       ||   104
       Club              |       |    74 ||    74
 Cast: Sandblast         |    30 |     7 ||    37
 Stab: Sleeping          |     1 |     3 ||     4
  Eat: Chunk             |     2 |       ||     2
       Bread ration      |       |     1 ||     1
Armor: Robe              |    40 |       ||    40
       Leather armour    |    25 |    35 ||    60
Dodge: Dodged            |    91 |    65 ||   156
